 Dungeon Crawl Stone Soup version 0.30-a0-354-g6b83867211 (webtiles) character file.

Game seed: 8252881565615108473

42 Lanoc the Grasshopper (level 3, -3/16 HPs)
             Began as a Felid Warper on Nov 7, 2022.
             Frozen to death by an endoplasm (5 damage)
             ... on level 3 of the Dungeon.
             The game lasted 00:04:19 (1657 turns).

Lanoc the Grasshopper (Felid Warper)                Turns: 1657, Time: 00:04:19

Health: -3/16      AC:  1    Str:  7    XL:     3   Next: 33%
Magic:  7/7        EV: 18    Int: 16    God:
Gold:   25         SH:  0    Dex: 15    Spells: 0/6 levels left
                                        Lives:  0   Deaths: 1

rFire   . . .      SeeInvis +      - Unarmed
rCold   . . .      Faith    .    (shield unavailable)
rNeg    . . .      Spirit   .    (body armour unavailable)
rPois   .          Reflect  .    (helmet unavailable)
rElec   .          Harm     .    (cloak unavailable)
rCorr   .          Rampage  .    (gloves unavailable)
Will    +....                    (boots unavailable)
Stlth   +.........               (no amulet)
HPRegen 0.22/turn                b - ring of willpower
MPRegen 0.10/turn                (no ring)

@: quick
A: very small, claws 1, fangs 3, see invisible, speed 1, shaggy fur 1, stealthy
paws, no weapons or thrown items, no armour, multi-lived
a: no special abilities


You were on level 3 of the Dungeon.
You visited 1 branch of the dungeon, and saw 3 of its levels.

You collected 92 gold pieces.
You spent 67 gold pieces at shops.

Inventory:

Jewellery
 b - a ring of willpower (left paw)
Scrolls
 a - a scroll of blinking
 e - a scroll of summoning {unknown}
 i - a scroll of butterflies {unknown}
 k - a scroll of identify {unknown}
Potions
 c - 3 potions of degeneration {unknown}
 d - 2 potions of curing {unknown}
 f - 3 potions of heal wounds {unknown}
 g - a potion of mutation {unknown}
 h - a potion of might {unknown}
 j - a potion of invisibility {unknown}
 l - 3 potions of berserk rage {unknown}
 m - a potion of flight {unknown}


   Skills:
 + Level 2.5 Fighting
 + Level 3.9 Dodging
 * Level 3.1 Unarmed Combat
 - Level 2.0 Spellcasting
 * Level 5.5 Translocations


You couldn't memorise any spells.
You knew the following spells:

 Your Spells              Type           Power      Damage    Failure   Level
a - Blink                 Tloc           38%        N/A       3%          2
b - Momentum Strike       Conj/Tloc      20%        3d8       10%         2
c - Vhi's Electric Charg  Tloc/Air       20%        N/A       21%         3

Your spell library contained the following spells:

 Spells                   Type           Power      Damage    Failure   Level
 Lesser Beckoning         Tloc           38%        N/A       6%          3
 Teleport Other           Tloc           19%        N/A       6%          3
 Magic Dart               Conj           4%         1d3       21%         1
 Manifold Assault         Tloc           19%        N/A       21%         4
 Searing Ray              Conj           2%         2d4       30%         2
 Fulminant Prism          Conj/Hex       0%         3d5       90%         4


Dungeon Overview and Level Annotations

Branches:
Dungeon (3/15)

Altars:

Shops:
D:1 !   D:2 *[*


Innate Abilities, Weirdness & Mutations

You have sharp claws.
You have razor-sharp teeth.
You have supernaturally acute eyesight. (SInv)
You cover ground quickly. (Speed+)
You are covered in fur. (AC +1)
Your paws help you pounce on unaware monsters.
You are incapable of wielding weapons or throwing items.
You cannot wear armour.
You gain extra lives every three experience levels.


Message History

The hound closely misses you.
You barely miss the hound. You bite the hound.
The hound is almost dead.
The hound bites you.
You die...
A kobold comes into view. It is wielding a +0 club.
You are now level 3!
You rejoin the land of the living...
An orc comes into view. It is wielding a +0 hand axe.
Found a tubular agate ring.
The orc shouts!
You hear a shout!
An endoplasm comes into view.
The endoplasm quivers.
You scratch the orc.
The orc is heavily wounded.
The orc misses you.
You barely miss the orc. You claw the orc, but do no damage.
The orc is heavily wounded.
The orc hits you with a +0 hand axe.
You barely miss the orc.
The orc is heavily wounded.
The orc closely misses you.
You scratch the orc.
The orc is almost dead.
The orc hits you with a +0 hand axe.
You barely miss the orc.
The orc is almost dead.
The orc closely misses you.
You scratch the orc.
You kill the orc!
You scratch the endoplasm.
The endoplasm is moderately wounded.
The endoplasm freezes you.
You are frozen.
* * * LOW HITPOINT WARNING * * *
You scratch the endoplasm.
The endoplasm is heavily wounded.
The endoplasm freezes you.
You are frozen.
You die...

#.........# ..
..........# #=.......
#.........###........
#....................
.....................
#.........###.....^..
#.........# #........
#.........###........
#.........@JK........
..........###........
##........# #........
.......... ##.......
.######.. .......
..####.######.......
...##..##....#..... .
#..##............. ..
. ### #......K.#
........


You could see an endoplasm and a kobold.

Vanquished Creatures
  2 gnolls (D:2)
  An adder (D:2)
  2 worms (D:2)
  3 dart slugs
  An orc (D:3)
  6 ball pythons
  4 endoplasms
  A giant cockroach (D:2)
  A goblin (D:2)
  6 hobgoblins
  4 jackals (D:2)
  4 kobolds
  2 quokkas
  5 bats
  A frilled lizard (D:1)
  2 rats
45 creatures vanquished.

Notes
Turn   | Place    | Note
-------+----------+-------------------------------------------
     0 | D:1      | Lanoc the Felid Warper began the quest for the Orb.
     0 | D:1      | Reached XP level 1. HP: 9/9 MP: 4/4
    31 | D:1      | Found Plog's Distillery.
   151 | D:1      | Reached XP level 2. HP: 10/13 MP: 6/6
   360 | D:1      | Learned a level 2 spell: Blink
   603 | D:2      | Reached skill level 5 in Translocations
   620 | D:2      | Reached XP level 3. HP: 13/16 MP: 4/7
   721 | D:2      | Found Nac Lae's Assorted Antiques.
   734 | D:2      | Bought a bubbling blue potion for 27 gold pieces
   836 | D:2      | Learned a level 3 spell: Vhi's Electric Charge
   954 | D:2      | Found Ruaserr's Assorted Antiques.
  1084 | D:2      | Found Amaacs's Antique Armour Boutique.
  1356 | D:2      | Reached XP level 4. HP: 17/20 MP: 8/8
  1433 | D:2      | Bought a purple potion for 20 gold pieces
  1433 | D:2      | Bought a brown potion for 20 gold pieces
  1623 | D:3      | Learned a level 2 spell: Momentum Strike
  1634 | D:3      | HP: 1/20 [hound (5)]
  1637 | D:3      | Slain by a hound
  1638 | D:3      | Reached XP level 3. HP: -1/16 MP: 7/7
  1657 | D:3      | Frozen to death by an endoplasm

Illustrated notes

Levels and vault maps discovered:
D:1:      dpeg_arrival_round_a, layout_rooms, serial_shops, shop,
          chequers_hall_statues_y, corexii_hall_statues_i,
          chequers_decorated_corner
D:2:      layout_loops_cross, serial_shops,
          nicolae_shop_temple_entry_statues_fountains, nicolae_shop_statue_plus,
          nicolae_shop_window_shopping
D:3:      layout_rooms, minmay_strange_pillars, dk_noncrumbling_4, uniq_ijyb

Skill      XL: |  1  2  3 |
---------------+----------+-----
Translocations | 5 |  5.5
Unarmed Combat | 3 |  3.1
Fighting       | |  2.5
Dodging        | |  3.9
Spellcasting   | |  2.0

Action                   |  1- 3 |  4- 6 || total
-------------------------+-------+-------++-------
Melee: Unarmed           |   136 |    30 ||   166
       Bite              |    14 |     5 ||    19
       Punch             |     6 |       ||     6
 Cast: Blink             |     1 |       ||     1
       Momentum Strike   |       |     1 ||     1
       Vhi's Electric Ch |       |     1 ||     1
 Stab: Sleeping          |     2 |       ||     2
Armor: Skin              |     4 |     1 ||     5
Dodge: Dodged            |   109 |    21 ||   130

Table legend: (Time is in decaauts)
 A = Elapsed time spent in this place.
 B = Non-inter-level travel time spent in this place.
 C = Inter-level travel time spent in this place.
 D = Time resting spent in this place.
 E = Time spent auto-exploring this place.
 F = Levels seen in this place.
 G = Mean time per level.
                   A        B        C        D        E       F      G
               +--------+--------+--------+--------+--------+-----+--------+
         Total |   1419 |   1378 |     41 |     15 |    978 |   3 |  473.0 |
       Dungeon |   1419 |   1378 |     41 |     15 |    978 |   3 |  473.0 |
               +--------+--------+--------+--------+--------+-----+--------+

Top non-repeatable levels by time:
     D:2: 810 daAuts
     D:1: 555 daAuts
     D:3: 54 daAuts
